AoeStats
← tic.tac.toe

Arabian Desert

510400955Analyzed
1v1 RM · 19h ago on Sep 30, 2026· 37m 41s· 2 players
Game mode
Random Map
Map size
Tiny (2 player)
Population
200
Speed
Normal
Resources
Standard
Victory
Conquest
Starting age
Dark Age
Ending age
Imperial Age
RankedLock teamsTeams togetherTeam positionsShared explorationLock speedFull tech treeHidden civsTurbo modeCheats
Victory
Defeat
🇪🇸 Mongols · Spain
1519
+14
🇧🇾 Japanese · Belarus
1473
-14
tic.tac.toe
6:51 Loom
10:27 Feudal Age
11:48 Double-Bit Axe
20:47 Padded Archer Armor
21:55 Fletching
22:34 Horse Collar
28:09 Castle Age
28:16 Crossbowman
28:53 Bodkin Arrow
32:02 Wheelbarrow
31:44 Bow Saw
33:09 Ballistics
34:50 Thumb Ring
TdB.Ket
5:31 Loom
6:08 Loom
8:35 Feudal Age
8:35 Man-at-Arms
14:11 Fletching
21:35 Padded Archer Armor
26:15 Castle Age
25:10 Scale Barding Armor
26:11 Bloodlines
26:39 Gold Mining
30:34 Chain Barding Armor
32:02 Forging
Connection lost

Rejoining the realm…

Still unreachable

The connection could not be restored.

Session expired

The server has moved on; the page needs a fresh start.